AoeStats
← Cuidatualdeana

Arena

507182842Analyzed
1v1 RM · 17d ago on Sep 17, 2026· 52m 40s· 2 players
Game mode
Random Map
Map size
Tiny (2 player)
Population
200
Speed
Normal
Resources
Standard
Victory
Conquest
Starting age
Dark Age
Ending age
Imperial Age
RankedLock teamsTeams togetherTeam positionsShared explorationLock speedFull tech treeHidden civsTurbo modeCheats
Victory
Defeat
🇧🇷 Britons · Brazil
868
+16
🇦🇷 Franks · Argentina
871
-16
Jogando
1:18 Loom
2:20 Loom
14:19 Feudal Age
15:07 Double-Bit Axe
15:14 Gold Mining
15:14 Stone Mining
18:39 Horse Collar
22:27 Castle Age
21:44 Wheelbarrow
21:38 Scale Mail Armor
21:30 Fletching
22:49 Padded Archer Armor
22:55 Scale Barding Armor
25:50 Town Watch
28:40 Hand Cart
29:18 Sanctity
29:48 Town Patrol
34:08 Imperial Age
32:03 Town Patrol
32:27 Heavy Plow
32:16 Arson
32:33 Stone Mining
33:36 Gold Shaft Mining
33:37 Bow Saw
34:04 Pikeman
34:45 Squires
35:11 Conscription
36:07 Two-Man Saw
35:25 Husbandry
34:45 Light Cavalry
36:11 Fortified Wall
36:43 Ballistics
36:33 Crossbowman
37:57 Yeomen
37:00 Halberdier
38:17 Devotion
38:53 Theocracy
38:43 Illumination
38:34 Block Printing
38:29 Fervor
37:46 Elite Skirmisher
39:32 Chain Mail Armor
39:37 Chain Barding Armor
39:27 Forging
40:01 Forging
39:46 Bodkin Arrow
40:06 Leather Archer Armor
40:57 Plate Mail Armor
40:42 Leather Archer Armor
40:39 Cavalier
43:11 Bracer
43:26 Leather Archer Armor
43:46 Iron Casting
43:46 Plate Barding Armor
46:03 Ring Archer Armor
46:09 Plate Barding Armor
46:55 Plate Barding Armor
47:19 Warwolf
46:46 Arbalester
49:03 Blast Furnace
Cuidatualdeana
0:35 Loom
11:41 Feudal Age
15:59 Castle Age
13:53 Double-Bit Axe
15:12 Wheelbarrow
18:00 Bow Saw
27:26 Imperial Age
28:51 Gold Mining
28:52 Stone Mining
29:42 Hand Cart
29:35 Husbandry
28:55 Light Cavalry
28:56 Cavalier
31:05 Forging
31:00 Scale Barding Armor
30:56 Scale Mail Armor
30:47 Fletching
31:17 Elite Skirmisher
32:58 Gold Shaft Mining
32:30 Town Watch
34:14 Ballistics
34:55 Chemistry
33:51 Murder Holes
34:54 Paladin
36:07 Chain Barding Armor
36:23 Iron Casting
35:43 Bodkin Arrow
36:05 Chain Mail Armor
35:51 Padded Archer Armor
36:25 Conscription
37:29 Plate Barding Armor
37:38 Chivalry
39:20 Town Patrol
40:58 Heavy Scorpion
43:33 Blast Furnace
42:50 Leather Archer Armor
Connection lost

Rejoining the realm…

Still unreachable

The connection could not be restored.

Session expired

The server has moved on; the page needs a fresh start.